 Dungeon Crawl Stone Soup version 0.23.2-33-g5129a83184 (webtiles) character file.

Game seed: 6961871680624692080

402 Acheron the Chopper (level 6, -1/37 HPs)
             Began as a Gargoyle Gladiator on July 17, 2019.
             Slain by an orc priest
             ... wielding a +0 club
              (3 damage)
             ... on level 5 of the Dungeon.
             The game lasted 00:12:06 (3658 turns).

Acheron the Chopper (Gargoyle Gladiator)            Turns: 3658, Time: 00:12:07

Health: -1/37      AC: 12    Str: 18    XL:     6   Next: 85%
Magic:  8/8        EV: 12    Int: 10    God:
Gold:   185        SH:  0    Dex: 11    Spells: 8/8 levels left

rFire    . . .     SeeInvis .   a - +1 war axe
rCold    . . .     Gourm    .   (no shield)
rNeg     + . .     Faith    .   x - +0 ring mail
rPois    ∞         Spirit   .   c - +1 helmet
rElec    +         Reflect  .   (no cloak)
rCorr    .         Harm     .   (no gloves)
MR       .....                  (no boots)
Stlth    +.........             (no amulet)
HPRegen  0.12/turn              (no ring)
MPRegen  0.11/turn              (no ring)

@: no status effects
A: negative energy resistance 1, electricity resistance, unbreathing,
petrification resistance, rot immunity, AC +4
a: no special abilities


You were on level 5 of the Dungeon.
You were not hungry.

You visited 1 branch of the dungeon, and saw 6 of its levels.

You collected 185 gold pieces.

Inventory:

Hand Weapons
 a - a +1 war axe (weapon)
 i - a +0 trident
 q - a +0 short sword
 t - a +3 dagger
 u - a +0 blowgun
Missiles
 d - 4 throwing nets (quivered)
 o - 20 poisoned needles
 r - 157 stones
Armour
 b - a +0 leather armour
 c - a +1 helmet (worn)
 x - a +0 ring mail (worn)
Jewellery
 h - an uncursed ring of protection from fire {unknown}
Scrolls
 l - a scroll of fog
 n - 2 scrolls of blinking
 w - a scroll of identify
Potions
 e - 2 potions of curing
 g - a potion of mutation
 j - a potion of agility
 k - 2 potions of lignification
 m - 2 potions of might {unknown}
 p - a potion of brilliance {unknown}
 s - 2 potions of ambrosia
Comestibles
 f - 8 rations


   Skills:
 * Level 3.3 Fighting
 + Level 4.2 Axes
 * Level 2.6 Throwing
 * Level 2.2 Armour
 * Level 3.3 Dodging
 * Level 2.1 Stealth
 * Level 1.6 Spellcasting


You had 8 spell levels left.
You didn't know any spells.
Your spell library was empty.

Dungeon Overview and Level Annotations

Branches:
Dungeon (6/15)
 Temple: D:4-7

Altars:


Innate Abilities, Weirdness & Mutations

You are resistant to torment.
Your stone body is resilient. (AC +4)
You are immune to poison.
You resist negative energy. (rN+)
You are resistant to electric shocks. (rElec)
You can survive without breathing.
You are immune to petrification.
You are immune to rotting.


Message History

Okay, then.
You hit the centaur.
The centaur is heavily wounded.
You barely miss the orc priest. You barely miss the orc warrior.
The centaur hits you.
The orc priest hits you but does no damage.
The centaur hits you but does no damage.
The orc warrior hits you with a +0 broad axe.
* * * LOW HITPOINT WARNING * * *
You hit the centaur.
The centaur is severely wounded.
You hit the orc warrior.
You hit the orc priest but do no damage.
The centaur barely misses you.
The orc priest mumbles some strange prayers to Beogh against you.
Beogh smites you!
* * * LOW HITPOINT WARNING * * *
The centaur misses you. The orc warrior closely misses you.
The orc priest hits you with a +0 club.
You die...

.###.###.# ......##.#
..... #......#.# ....#
#.##...#?# ....#
#.##...#.#### #...
#.##........# #..#
.......####.# #..#
..##.#.####.####co#.####
..#.###....<.(..@o......
..##.#...(..............
)###..##................
.###.....(..####...####.
.....##.##### ##......
#######.# #.....## #.#
#.....# # #.#
#####.....### # #.#
#...........#


You could see an orc warrior, a centaur and an orc priest.

Vanquished Creatures
  A howler monkey (D:5)
  2 centaur zombies
  Natasha (thrice) (D:2)
  A worker ant zombie (D:5)
  7 gnolls (D:3)
  4 adders
  A shadow imp (D:5)
  An ooze (D:3)
  A worm (D:3)
  3 dart slugs
  2 leopard geckos (D:1)
  5 orcs
  A ball python (D:3)
  4 giant cockroaches
  6 goblins
  10 hobgoblins
  2 jackals (D:1)
  9 kobolds
  A quokka (D:3)
  A ball python zombie (D:5)
  10 bats
  2 frilled lizards
  9 rats
86 creatures vanquished.

Vanquished Creatures (others)
  2 jackals (D:3)
2 creatures vanquished.

Grand Total: 88 creatures vanquished

Notes
Turn   | Place    | Note
-------+----------+-------------------------------------------
     0 | D:1      | Acheron the Gargoyle Gladiator began the quest for the Orb.
     0 | D:1      | Reached XP level 1. HP: 12/12 MP: 1/1
    94 | D:1      | Reached XP level 2. HP: 17/17 MP: 2/2
   166 | D:1      | Reached skill level 3 in Axes
   297 | D:2      | Noticed Natasha
   417 | D:1      | Reached skill level 1 in Armour
   604 | D:3      | Reached XP level 3. HP: 20/21 MP: 3/3
   912 | D:2      | Killed Natasha
   932 | D:2      | Reached XP level 4. HP: 21/27 MP: 4/4
   979 | D:3      | Reached skill level 1 in Stealth
  1324 | D:3      | Reached skill level 1 in Spellcasting
  1324 | D:3      | Reached XP level 5. HP: 21/31 MP: 6/6
  1700 | D:2      | Noticed Natasha
  1709 | D:2      | Killed Natasha
  2139 | D:2      | Noticed Natasha
  2145 | D:2      | Killed Natasha
  2145 | D:2      | Reached XP level 6. HP: 28/37 MP: 6/8
  2804 | D:3      | Reached skill level 4 in Axes
  3030 | D:5      | Entered Level 5 of the Dungeon
  3652 | D:5      | Noticed an orc warrior
  3658 | D:5      | Slain by an orc priest

Skill      XL: |  1  2  3  4  5  6 |
---------------+-------------------+-----
Axes           | 3 4 |  4.2
Armour         | 1 2 |  2.2
Throwing       | 2 |  2.6
Stealth        | 1 2 |  2.1
Spellcasting   | 1 |  1.6
Dodging        | 3 |  3.3
Fighting       | 3 |  3.3

Action                   |  1- 3 |  4- 6 || total
-------------------------+-------+-------++-------
Melee: War axe           |    73 |   218 ||   291
  Use: Scroll            |       |    12 ||    12
  Eat: Chunk             |       |     4 ||     4
       Ration            |       |     2 ||     2
Armor: Leather armour    |    32 |   148 ||   180
       Ring mail         |       |     8 ||     8
Dodge: Dodged            |    48 |   220 ||   268
